 Dungeon Crawl Stone Soup version 0.28-a0-413-gde365fb (webtiles) character file.

Game seed: 4080976954146369367

173 Sixotanaka the Chiller (level 5, -1/35 HPs)
             Began as a Merfolk Ice Elementalist on Sept 7, 2021.
             Slain by Natasha (7 damage)
             ... on level 2 of the Dungeon.
             The game lasted 00:12:20 (3119 turns).

Sixotanaka the Chiller (Merfolk Ice Elementalist)   Turns: 3119, Time: 00:12:20

Health: -1/35      AC:  8    Str: 14    XL:     5   Next: 53%
Magic:  5/8        EV: 12    Int: 15    God:
Gold:   71         SH:  0    Dex: 15    Spells: 1/8 levels left

rFire   . . .      SeeInvis .   i - +0 dagger (venom)
rCold   . . .      Faith    .   (no shield)
rNeg    . . .      Spirit   .   a - +0 robe
rPois   .          Reflect  .   r - +0 hat
rElec   .          Harm     .   (no cloak)
rCorr   .          Rampage  .   (no gloves)
Will    .....                   (no boots)
Stlth   ++........              (no amulet)
HPRegen 0.11/turn               p - +6 ring of strength
MPRegen 0.11/turn               (no ring)

@: ice-armoured, slowed, unable to read, very slow
A: (nimble swimmer 2), mertail, inability to read while threatened
a: no special abilities


You were on level 2 of the Dungeon.
You visited 1 branch of the dungeon, and saw 3 of its levels.

You collected 71 gold pieces.

Inventory:

Hand Weapons
 i - a +0 dagger of venom (weapon)
Armour
 a - a +0 robe (worn)
 m - a +0 leather armour
 r - a +0 hat (worn)
Jewellery
 p - a +6 ring of strength (left hand)
Scrolls
 d - a scroll of teleportation {unknown}
 f - a scroll of fear
 g - a scroll of holy word {unknown}
 h - 2 scrolls of fog {unknown}
 j - 2 scrolls of identify {unknown}
 n - a scroll of amnesia {unknown}
 o - a scroll of immolation {unknown}
Potions
 b - a potion of berserk rage {unknown}
 c - a potion of ambrosia {unknown}
 e - a potion of mutation
 k - a potion of resistance {unknown}
 l - a potion of invisibility {unknown}
 q - a potion of experience {unknown}


   Skills:
 - Level 2.6 Dodging
 - Level 2.1 Stealth
 - Level 2.0 Spellcasting
 + Level 7.3 Ice Magic


You had one spell level left.
You knew the following spells:

 Your Spells              Type           Power      Damage    Failure   Level
a - Freeze                Ice            92%        1d10      1%          1
b - Frozen Ramparts       Ice            46%        1d6       3%          3
c - Ozocubu's Armour      Ice            23%        N/A       3%          3

Your spell library contained the following spells:

 Spells                   Type           Power      Damage    Failure   Level
 Hailstorm                Conj/Ice       12%        3d5       45%         4
 Metabolic Englaciation   Hex/Ice        6%         N/A       80%         5
 Simulacrum               Ice/Necr       6%         N/A       100%        6


Dungeon Overview and Level Annotations

Branches:
Dungeon (3/15)

Altars:
Wu Jian

Shops:
D:3 (

Annotations:
D:2 Natasha
D:3 2 exclusions, Grinder, Sigmund


Innate Abilities, Weirdness & Mutations

((You are quick and stealthy near water. (Stealth+, EV+, Speed+++)))
Your lower body shifts to a powerful aquatic tail in water.
You sometimes lose the ability to read scrolls when taking damage.


Message History

You feel as though you will be slow longer.
Natasha stares at you and mumbles some strange words.
The magic dart hits you! The shadow imp closely misses you.
The shadow imp picks up a beetle and eats it.
The shadow imp barely misses you.
The shadow imp grins evilly.
The shadow imp barely misses you.
Natasha stares at you and mumbles some strange words.
The magic dart hits you.
* * * LOW HITPOINT WARNING * * *
There is a stone staircase leading up here.
Grinder blinks!
The shadow imp hits you.
* * * LOW HITPOINT WARNING * * *
Natasha casts a spell.
Grinder blinks!
The shadow imp closely misses you.
You climb upwards.
The shadow imp disappears in a puff of smoke!
The white imp disappears in a puff of smoke!
There is a stone staircase leading down here.
Okay, then.
Casting: Freeze (safe; 1% risk of failure)
Confirm with . or Enter, or press ? or * to list all spells.
A film of ice covers your body!
Natasha casts a spell.
Natasha stares at you and mumbles some strange words.
You feel as though you will be slow longer.
You barely miss Natasha. Natasha barely misses you.
The white imp hits you but does no damage.
It was a potion of mutation.
You feel extremely strange.
You lose the ability to read scrolls when threatened.
Natasha claws you but does no damage. The white imp barely misses you.
Natasha claws you but does no damage.
The white imp hits you but does no damage.
Okay, then.
You hit Natasha.
Natasha is poisoned.
Natasha is lightly wounded.
Natasha claws you!
You feel threatened and lose the ability to read scrolls!
You die...

.......#
#..#.#
#..........
.......#
##.#.#
###########
.......#
#...#
.......#
##..#
.......#
######..#
########
#...###)#
#...###'#####
#>....h.....#
##.....@....#
#.....5....#
#..........#
#..........#
#..........#
#..........#
#..........#
#..........#
#..........#


You could see Natasha (very poisoned) and a white imp (summoned).

Vanquished Creatures
  A scorpion (D:3)
  Jessica (D:3)
  An adder (D:2)
  2 worms (D:2)
  3 dart slugs (D:1)
  3 orcs (D:3)
  7 endoplasms
  A giant cockroach (D:2)
  6 goblins
  5 hobgoblins
  5 jackals (D:2)
  3 kobolds
  9 ball pythons
  5 bats
  4 frilled lizards
  7 rats
63 creatures vanquished.

Notes
Turn   | Place    | Note
-------+----------+-------------------------------------------
     0 | D:1      | Sixotanaka the Merfolk Ice Elementalist began the quest for
                  | the Orb.
     0 | D:1      | Reached XP level 1. HP: 13/13 MP: 3/3
   173 | D:1      | Reached XP level 2. HP: 15/19 MP: 0/5
   317 | D:1      | Found a faded altar of an unknown god.
   397 | D:1      | Reached skill level 5 in Ice Magic
   797 | D:1      | Reached XP level 3. HP: 24/24 MP: 3/6
  1436 | D:2      | Learned a level 3 spell: Frozen Ramparts
  1613 | D:2      | Reached skill level 6 in Ice Magic
  1613 | D:2      | Reached XP level 4. HP: 30/30 MP: 7/7
  1694 | D:2      | Found an ornate altar of the Wu Jian Council.
  1774 | D:1      | Learned a level 3 spell: Ozocubu's Armour
  2416 | D:3      | Noticed Sigmund
  2436 | D:3      | Found Myqeydem's Weapon Emporium.
  2542 | D:3      | Noticed a scorpion
  2548 | D:3      | Killed a scorpion
  2549 | D:3      | Reached skill level 7 in Ice Magic
  2549 | D:3      | Reached XP level 5. HP: 26/35 MP: 4/8
  2853 | D:3      | Noticed Jessica
  2857 | D:3      | Killed Jessica
  3085 | D:3      | Noticed Grinder
  3085 | D:3      | Noticed Natasha
  3118 | D:2      | Gained mutation: You sometimes lose the ability to read
                  | scrolls when taking damage. [potion of mutation]
  3119 | D:2      | Slain by Natasha

Illustrated notes

Levels and vault maps discovered:
D:1:      ncdulo_halloftheorcs, layout_loops_ring, ebering_ecumenical_altar_rust
D:2:      layout_basic, basic_altar
D:3:      layout_loops_ring, serial_shops, shop, uniq_grinder, uniq_jessica,
          uniq_sigmund, uniq_natasha

Skill      XL: |  1  2  3  4 |
---------------+-------------+-----
Ice Magic      | 5 6 7 |  7.3
Dodging        | |  2.6
Stealth        | |  2.1
Spellcasting   | |  2.0

Action                   |  1- 3 |  4- 6 || total
-------------------------+-------+-------++-------
Melee: Club              |    11 |       ||    11
       Dagger            |     9 |    30 ||    39
 Cast: Freeze            |    48 |    32 ||    80
       Ozocubu's Armour  |       |     2 ||     2
       Frozen Ramparts   |       |     1 ||     1
  Use: Scroll            |       |     2 ||     2
       Potion            |       |     1 ||     1
 Stab: Sleeping          |     5 |     2 ||     7
Armor: Robe              |     9 |    16 ||    25
Dodge: Dodged            |    40 |    34 ||    74

Table legend: (Time is in decaauts)
 A = Elapsed time spent in this place.
 B = Non-inter-level travel time spent in this place.
 C = Inter-level travel time spent in this place.
 D = Time resting spent in this place.
 E = Time spent auto-exploring this place.
 F = Levels seen in this place.
 G = Mean time per level.
                   A        B        C        D        E       F      G
               +--------+--------+--------+--------+--------+-----+--------+
         Total |   3132 |   3063 |     69 |    777 |   1604 |   3 | 1044.0 |
       Dungeon |   3132 |   3063 |     69 |    777 |   1604 |   3 | 1044.0 |
               +--------+--------+--------+--------+--------+-----+--------+

Top non-repeatable levels by time:
     D:1: 1304 daAuts
     D:2: 996 daAuts
     D:3: 831 daAuts
